 Dungeon Crawl Stone Soup version 0.30-a0-377-g5cb311bc9f (webtiles) character file.

Game seed: 5211841737816158602

32 funkygono the Firebug (level 3, 0/24 HPs)
             Began as a Demonspawn Fire Elementalist on Nov 30, 2022.
             Slain by Terence
             ... wielding a +1 flail of protection
              (6 damage)
             ... on level 1 of the Dungeon.
             The game lasted 00:02:07 (1445 turns).

funkygono the Firebug (DsFE)                        Turns: 1445, Time: 00:02:07

Health: 0/24       AC:  2    Str:  8    XL:     3   Next: 10%
Magic:  0/6        EV: 12    Int: 18    God:
Gold:   38         SH:  0    Dex: 13    Spells: 0/6 levels left

rFire   . . .      SeeInvis .    k - +0 whip
rCold   . . .      Faith    .    (no shield)
rNeg    . . .      Spirit   .    a - +0 robe
rPois   .          Reflect  .    (no helmet)
rElec   .          Harm     .    (no cloak)
rCorr   .          Rampage  .    (no gloves)
Will    .....                    (no boots)
Stlth   ++........               (no amulet)
HPRegen 0.24/turn                (no ring)
MPRegen 0.10/turn                (no ring)

@: very slightly contaminated
A: ignite blood 2
a: no special abilities


You were on level 1 of the Dungeon.
You visited 1 branch of the dungeon, and saw 2 of its levels.

You collected 38 gold pieces.

Inventory:

Hand Weapons
 d - a +0 dagger
 k - a +0 whip (weapon)
Armour
 a - a +0 robe (worn)
Magical Staves
 f - a staff of air
Scrolls
 c - a scroll of fear {unknown}
 e - a scroll of summoning {unknown}
 i - a scroll of amnesia {unknown}
 j - 5 scrolls of torment {unknown}
 n - 2 scrolls of vulnerability {unknown}
 q - a scroll of enchant armour {unknown}
Potions
 b - a potion of magic
 g - a potion of heal wounds {unknown}
 h - a potion of curing {unknown}
 l - a potion of resistance {unknown}
 m - a potion of lignification {unknown}
 o - a potion of degeneration {unknown}
 p - a potion of berserk rage {unknown}


   Skills:
 + Level 2.0 Dodging
 - Level 1.7 Stealth
 + Level 2.3 Spellcasting
 + Level 1.2 Conjurations
 + Level 3.4 Fire Magic


You couldn't memorise any spells.
You knew the following spells:

 Your Spells              Type           Power      Damage    Failure   Level
a - Foxfire               Conj/Fire      40%        2x1d6     7%          1
b - Scorch                Fire           28%        2d6       6%          2
c - Kindle Blastsparks    Fire/Tloc/Air  12%        2d11      32%         3

Your spell library contained the following spells:

 Spells                   Type           Power      Damage    Failure   Level
 Summon Small Mammal      Summ           8%         N/A       17%         1
 Inner Flame              Hex/Fire       8%         N/A       26%         3
 Call Canine Familiar     Summ           2%         N/A       45%         3
 Summon Guardian Golem    Hex/Summ       2%         N/A       45%         3
 Flame Wave               Conj/Fire      10%        2d6       54%         4


Dungeon Overview and Level Annotations

Branches:
Dungeon (2/15)

Altars:

Annotations:
D:1 Terence


Innate Abilities, Weirdness & Mutations

Your demonic aura often causes spilled blood to erupt in flames.


Message History

Terence barely misses you. Terence attacks as you move away!
Terence closely misses you.
Terence is no longer more vulnerable to fire.
Terence says, "How do you enjoy it?"
Casting: Scorch (safe; 6% risk of failure)
Confirm with . or Enter, or press ? or * to list all spells.
You conjure some foxfire!
Terence hits you with a +1 flail of protection.
The foxfire hits Terence but does no damage.
Terence is heavily wounded.
The foxfire hits Terence but does no damage.
Terence is heavily wounded.
Casting: Foxfire (safe; 7% risk of failure)
Confirm with . or Enter, or press ? or * to list all spells.
You conjure some foxfire!
Terence closely misses you.
The foxfire hits Terence but does no damage.
Terence is heavily wounded.
The foxfire hits Terence.
Terence is heavily wounded.
Terence barely misses you.
Found a scroll labelled GOBLERIZEY.
Found an escape hatch in the ceiling.
Found a stone staircase leading down.
Terence attacks as you move away! Terence closely misses you.
A worm comes into view.
Terence attacks as you move away!
Terence hits you with a +1 flail of protection!
Terence attacks as you move away! Terence hits you but does no damage.
The worm bites you.
There is an escape hatch in the ceiling here.
Terence hits you with a +1 flail of protection!
* * * LOW HITPOINT WARNING * * *
A mysterious force pulls you upwards. The hatch slams shut behind you.
Terence attacks as you move away! Terence barely misses you.
Casting: Foxfire (safe; 7% risk of failure)
Confirm with . or Enter, or press ? or * to list all spells.
You miscast Scorch.
You are very lightly contaminated with residual magic.
Nothing appears to happen.
Terence hits you with a +1 flail of protection.
You die...

#.##..#...#)#..........#.#...#
#.##..#....#)##......##.#....#
#.##...#....##.#....#.##.....#
#.##..##....#.#.#..#.#.#.....#
#.##..##.....#.##..##.#......#
#.##..##......##....##.......#
##.##.#.#.....................#
#..##.##......................#
#.###.###.....@##....##.......#
#.# #.###.....#@##..##.#.....##
#.# #........#.#.#..#.#.#....#
#.# #####....##.#w...#.##....#
#.# #...#.##......##.#...# #.#
#..#.#..........#.#..# # #.#
#..##............##..# ###.#
#.#................#.# ....#
###....................#


You could see Terence and a worm.

Vanquished Creatures
  A worm (D:2)
  A ball python (D:1)
  2 endoplasms (D:1)
  2 giant cockroaches
  5 goblins
  4 hobgoblins
  4 kobolds (D:1)
  3 bats
  3 rats
25 creatures vanquished.

Vanquished Creatures (others)
  75 foxfires
75 creatures vanquished.

Grand Total: 100 creatures vanquished

Notes
Turn   | Place    | Note
-------+----------+-------------------------------------------
     0 | D:1      | funkygono the Demonspawn Fire Elementalist began the quest
                  | for the Orb.
     0 | D:1      | Reached XP level 1. HP: 13/13 MP: 3/3
   268 | D:1      | Reached skill level 3 in Fire Magic
   336 | D:1      | Gained mutation: Your demonic aura sometimes causes spilled
                  | blood to erupt in flames. [demonic ancestry]
   336 | D:1      | Reached XP level 2. HP: 19/19 MP: 0/5
   339 | D:1      | Learned a level 2 spell: Scorch
  1163 | D:2      | Gained mutation: Your demonic aura often causes spilled
                  | blood to erupt in flames. [demonic ancestry]
  1163 | D:2      | Reached XP level 3. HP: 6/24 MP: 1/6
  1167 | D:2      | Learned a level 3 spell: Kindle Blastsparks
  1410 | D:2      | Noticed Terence
  1445 | D:1      | Slain by Terence

Illustrated notes

Levels and vault maps discovered:
D:1:      tarquinn_simple_flora_water_f, layout_loops_ring, chequers_garden,
          minmay_misc_feat_secret_circle
D:2:      layout_loops_ring, ebering_ecumenical_altar_mist, uniq_robin,
          uniq_natasha, uniq_terence

Skill      XL: |  1  2 |
---------------+-------+-----
Fire Magic     | 3 |  3.4
Dodging        | 2 |  2.0
Stealth        | |  1.7
Spellcasting   | |  2.3
Conjurations   | |  1.2

Action                   || total
-------------------------++-------
Melee: Whip              ||     8
       Punch             ||     1
 Cast: Foxfire           ||    42
       Scorch            ||     4
Armor: Robe              ||     3
Dodge: Dodged            ||    15

Table legend: (Time is in decaauts)
 A = Elapsed time spent in this place.
 B = Non-inter-level travel time spent in this place.
 C = Inter-level travel time spent in this place.
 D = Time resting spent in this place.
 E = Time spent auto-exploring this place.
 F = Levels seen in this place.
 G = Mean time per level.
                   A        B        C        D        E       F      G
               +--------+--------+--------+--------+--------+-----+--------+
         Total |   1444 |   1422 |     22 |      0 |   1189 |   2 |  722.0 |
       Dungeon |   1444 |   1422 |     22 |      0 |   1189 |   2 |  722.0 |
               +--------+--------+--------+--------+--------+-----+--------+

Top non-repeatable levels by time:
     D:1: 1085 daAuts
     D:2: 358 daAuts
